 Dungeon Crawl Stone Soup version 0.26.0-10-g1f06aea511 (webtiles) character file.

Game seed: 1155363350367124549

75 Dracia the Insei (level 4, 0/34 HPs)
             Began as a Gnoll Transmuter on Jan 14, 2021.
             Slain by an orc priest
             ... wielding a +0 hand axe
              (2 damage)
             ... on level 3 of the Dungeon.
             The game lasted 00:03:23 (2190 turns).

Dracia the Insei (Gnoll Transmuter)                 Turns: 2190, Time: 00:03:23

Health: 0/34       AC:  2    Str: 13    XL:     4   Next: 31%
Magic:  9/11       EV: 19    Int: 16    God:
Gold:   71         SH:  0    Dex: 15    Spells: 7/13 levels left

rFire    . . .     SeeInvis .     - Unarmed
rCold    . . .     Faith    .   (no shield)
rNeg     . . .     Spirit   .   a - +0 robe
rPois    .         Reflect  .   (helmet currently unavailable)
rElec    .         Harm     .   (no cloak)
rCorr    .         Rampage  .   (no gloves)
Will     .....                  (boots currently unavailable)
Stlth    ++........             i - amulet of magic regeneration
HPRegen  0.11/turn              E - +4 ring of evasion
MPRegen  0.37/turn              (no ring)

@: appendages, wereblooded
A: distributed training, fangs 1, horns 2, talons 2, strong nose
a: End Transformation


You were on level 3 of the Dungeon.
You had grown temporary horns.
You had grown temporary talons.
You visited 1 branch of the dungeon, and saw 3 of its levels.

You collected 71 gold pieces.


Innate Abilities, Weirdness & Mutations

Your experience applies equally to all skills.
You have very sharp teeth.
Your uncanny sense of smell can sniff out nearby items.
You have a pair of horns on your head.
You have razor-sharp toenails.


   Skills:
 + Level 2.7 Fighting
 + Level 1.1 Short Blades
 + Level 1.1 Long Blades
 + Level 1.1 Axes
 + Level 1.1 Maces & Flails
 + Level 1.1 Polearms
 + Level 1.1 Staves
 + Level 1.1 Slings
 + Level 1.1 Bows
 + Level 1.1 Crossbows
 + Level 1.1 Throwing
 + Level 1.1 Armour
 + Level 4.6 Dodging
 + Level 1.1 Stealth
 + Level 1.1 Shields
 + Level 6.6 Unarmed Combat
 + Level 5.0 Spellcasting
 + Level 0.8 Conjurations
 + Level 0.8 Hexes
 + Level 0.8 Summonings
 + Level 0.8 Necromancy
 + Level 0.8 Translocations
 + Level 3.8 Transmutations
 + Level 0.8 Fire Magic
 + Level 0.8 Ice Magic
 + Level 0.8 Air Magic
 + Level 0.8 Earth Magic
 + Level 0.8 Poison Magic
 + Level 1.2 Invocations
 + Level 1.1 Evocations


You had 7 spell levels left.
You knew the following spells:

 Your Spells              Type           Power        Failure   Level
e - Beastly Appendage     Tmut           32%          3%          1
s - Spider Form           Tmut/Pois      5%           17%         3
X - Wereblood             Tmut           16%          4%          2

Your spell library contained the following spells:

 Spells                   Type           Power        Failure   Level
 Ice Form                 Ice/Tmut       11%          50%         4
 Blade Hands              Tmut           8%           65%         5

Inventory:

Missiles
 g - 14 poisoned darts
 l - 3 curare-tipped darts {=f=f}
Armour
 a - a +0 robe (worn)
Jewellery
 i - an amulet of magic regeneration (around neck)
 E - a +4 ring of evasion (left hand)
Scrolls
 c - 4 scrolls of identify {unknown}
 d - a scroll of immolation {unknown}
 e - 4 scrolls of teleportation {unknown}
 h - 2 scrolls of fear {unknown}
 n - 4 scrolls of remove curse {unknown}
 o - a scroll of blinking {unknown}
 p - a scroll of enchant armour {unknown}
 q - a scroll of random uselessness {unknown}
Potions
 b - a potion of curing {@q1@q1}
 j - a potion of degeneration {unknown}
 k - a potion of resistance {unknown}
 m - 2 potions of mutation {unknown}

Dungeon Overview and Level Annotations

Branches:
Dungeon (3/15)

Altars:

.........).........<....
..........#######.######
..........# #.#
..........# #.#
..........# #.#
..........# ..#
#.##....### . .## #.
#.#...##..>.
#...@.......
#...oo......
#>.oB.......
#...........
#...........
#.#...##...# #.###.#
#### #. .#


You could see an orc warrior, an orc priest, an orc wizard (fast) and a giant
cockroach.


Message History

The orc warrior hits you from afar with a +0 trident!
* * * LOW HITPOINT WARNING * * *
A giant cockroach comes into view.
It was a potion of curing.
You feel better.
The orc wizard hits you with a +0 dagger.
* * * LOW HITPOINT WARNING * * *
The orc priest looks braver for a moment.
The orc warrior closely misses you.
The orc wizard looks braver for a moment.
You feel much better. The orc priest misses you.
The orc wizard closely misses you. The orc warrior misses you.
You grow a pair of large bovine horns.
Your feet morph into talons.
The orc wizard hits you with a +0 dagger.
The orc priest hits you with a +0 hand axe.
The orc wizard casts a spell at you. The puff of flame hits you!
Casting: Beastly Appendage (safe; 3% risk of failure)
Confirm with . or Enter, or press ? or * to list all spells.
Your blood is infused with primal strength.
The orc warrior completely misses you.
The orc priest begins to cast a cantrip, but forgets the words!
The orc wizard hits you with a +0 dagger.
You hit the orc priest. Your bite misses the orc priest.
The orc priest is moderately wounded.
The orc wizard barely misses you.
The orc warrior hits you from afar with a +0 trident!
Ouch! That really hurt!
* * * LOW HITPOINT WARNING * * *
The orc priest hits you with a +0 hand axe.
You die...

Skill      XL: |  1  2  3 |
---------------+----------+-----
Spellcasting   | 5 |  5.0
Invocations    | 1 |  1.2
Short Blades   | 1 |  1.1
Long Blades    | 1 |  1.1
Axes           | 1 |  1.1
Maces & Flails | 1 |  1.1
Polearms       | 1 |  1.1
Staves         | 1 |  1.1
Slings         | 1 |  1.1
Bows           | 1 |  1.1
Crossbows      | 1 |  1.1
Throwing       | 1 |  1.1
Armour         | 1 |  1.1
Stealth        | 1 |  1.1
Shields        | 1 |  1.1
Evocations     | 1 |  1.1
Fighting       | |  2.7
Dodging        | |  4.6
Unarmed Combat | |  6.6
Conjurations   | |  0.8
Hexes          | |  0.8
Summonings     | |  0.8
Necromancy     | |  0.8
Translocations | |  0.8
Transmutations | |  3.8
Fire Magic     | |  0.8
Ice Magic      | |  0.8
Air Magic      | |  0.8
Earth Magic    | |  0.8
Poison Magic   | |  0.8

Action                   |  1- 3 |  4- 6 || total
-------------------------+-------+-------++-------
Melee: Unarmed           |   113 |    37 ||   150
       Headbutt          |     8 |     1 ||     9
       Punch             |     4 |       ||     4
       Kick              |    11 |     3 ||    14
       Bite              |     7 |     1 ||     8
 Cast: Beastly Appendage |    16 |     5 ||    21
       Wereblood         |       |     1 ||     1
  Use: Potion            |       |     3 ||     3
 Stab: Sleeping          |     2 |     1 ||     3
       Distracted        |       |     1 ||     1
Armor: Robe              |    13 |     2 ||    15
Dodge: Dodged            |    94 |    37 ||   131

Levels and vault maps discovered:
D:1:      dpeg_arrival_rooms_with_view, layout_basic, chequers_mini_garden
D:2:      layout_basic
D:3:      layout_rooms, minmay_rat_hole, uniq_grinder

Notes
Turn   | Place    | Note
-------+----------+-------------------------------------------
     0 | D:1      | Dracia the Gnoll Transmuter began the quest for the Orb.
     0 | D:1      | Reached XP level 1. HP: 17/17 MP: 6/6
    24 | D:1      | Reached XP level 2. HP: 23/23 MP: 7/7
   384 | D:1      | Reached XP level 3. HP: 27/28 MP: 7/9
   387 | D:1      | Learned a level 2 spell: Wereblood
   391 | D:1      | Learned a level 3 spell: Spider Form
   443 | D:1      | Reached skill level 5 in Spellcasting
   660 | D:1      | Reached skill level 1 in Invocations
  1158 | D:2      | Reached skill level 1 in Short Blades
  1158 | D:2      | Reached skill level 1 in Long Blades
  1158 | D:2      | Reached skill level 1 in Axes
  1158 | D:2      | Reached skill level 1 in Maces & Flails
  1158 | D:2      | Reached skill level 1 in Polearms
  1158 | D:2      | Reached skill level 1 in Staves
  1158 | D:2      | Reached skill level 1 in Slings
  1158 | D:2      | Reached skill level 1 in Bows
  1158 | D:2      | Reached skill level 1 in Crossbows
  1158 | D:2      | Reached skill level 1 in Throwing
  1158 | D:2      | Reached skill level 1 in Armour
  1158 | D:2      | Reached skill level 1 in Stealth
  1158 | D:2      | Reached skill level 1 in Shields
  1158 | D:2      | Reached skill level 1 in Evocations
  1421 | D:2      | Reached XP level 4. HP: 24/34 MP: 11/11
  2180 | D:3      | Noticed an orc warrior
  2190 | D:3      | HP: 2/34 [orc warrior/+0 trident (17)]
  2190 | D:3      | Slain by an orc priest

Vanquished Creatures
  2 oozes (D:1)
  A dart slug (D:2)
  4 leopard geckos
  3 ball pythons
  5 bats
  4 giant cockroaches (D:1)
  8 goblins
  5 hobgoblins
  3 jackals (D:1)
  8 kobolds
  6 frilled lizards
  7 rats
56 creatures vanquished.

Table legend: (Time is in decaauts)
 A = Elapsed time spent in this place.
 B = Non-inter-level travel time spent in this place.
 C = Inter-level travel time spent in this place.
 D = Time resting spent in this place.
 E = Time spent auto-exploring this place.
 F = Levels seen in this place.
 G = Mean time per level.
                   A        B        C        D        E       F      G
               +--------+--------+--------+--------+--------+-----+--------+
         Total |   2171 |   2119 |     52 |      0 |   1734 |   3 |  723.7 |
       Dungeon |   2171 |   2119 |     52 |      0 |   1734 |   3 |  723.7 |
               +--------+--------+--------+--------+--------+-----+--------+

Top non-repeatable levels by time:
     D:1: 1058 daAuts
     D:2: 1018 daAuts
     D:3: 95 daAuts

Table legend:
 A = Non-vault XP
 B = Vault XP
 C = Vault XP percentage of total XP
 D = Non-vault monster count
 E = Vault monster count
 F = Vault count percentage of total count
                 A         B        C        D         E       F
            +---------+---------+-------+---------+---------+-------
      Total |      99 |       9 |   8.3 |      54 |       2 |   3.6
            +---------+---------+-------+---------+---------+-------
        D:1 |      59 |       9 |  13.2 |      30 |       2 |   6.2
        D:2 |      29 |       0 |   0.0 |      17 |       0 |   0.0
        D:3 |      11 |       0 |   0.0 |       7 |       0 |   0.0
            +---------+---------+-------+---------+---------+-------
